 Dungeon Crawl Stone Soup version 0.27.0-1-g7a08968 (webtiles) character file.

Game seed: 12595473842665098492

65485 Gwimweeper the Brawler (level 15, 0/118 HPs)
             Began as a Ghoul Monk on Dec 15, 2021.
             Was a High Priest of Makhleb.
             Slain by a +0 short sword of holy wrath (1 damage)
             ... on level 1 of the Elven Halls on Dec 17, 2021.
             The game lasted 05:25:03 (28215 turns).

Gwimweeper the Brawler (Ghoul Monk)                Turns: 28215, Time: 05:25:03

Health: 0/118      AC: 23    Str: 24    XL:     15   Next: 16%
Magic:  32/32      EV: 10    Int:  5    God:    Makhleb [*****.]
Gold:   2079       SH: 10    Dex: 11    Spells: 14/14 levels left

rFire    + + .     SeeInvis .     - Unarmed
rCold    x . .     Faith    .   t - +0 buckler
rNeg     + + +     Spirit   .   y - +3 chain mail {rF+}
rPois    ∞         Reflect  +   K - +2 helmet
rElec    .         Harm     .   A - +1 cloak {Will+}
rCorr    .         Rampage  .   (no gloves)
Will     ++...                  u - +1 pair of boots of the Trout {+Inv rC- Str+2 Stlth+}
Stlth    ..........             a - amulet of reflection
HPRegen  0.00/turn              r - ring of magical power
MPRegen  0.23/turn              s - ring of fire

@: inhibited regen
A: claws 1, cold resistance 1, negative energy resistance 3, inhibited
regeneration, torment resistance 2
a: Renounce Religion, Evoke Invisibility, Minor Destruction, Lesser Servant of
Makhleb, Major Destruction, Greater Servant of Makhleb


You were on level 1 of the Elven Halls.
You worshipped Makhleb.
Makhleb was extremely pleased with you.
You visited 5 branches of the dungeon, and saw 22 of its levels.
You also visited: Bailey.

You collected 2103 gold pieces.
You spent 24 gold pieces at shops.

Inventory:

Missiles
 w - 72 boomerangs (quivered)
 B - 3 throwing nets
Armour
 f - a +2 cloak of preservation
 n - a +0 pair of boots
 t - a +0 buckler (worn)
 u - the +1 pair of boots of the Trout (worn) {+Inv rC- Str+2 Stlth+}
   (You found it on level 7 of the Dungeon)

   Str:       It affects your strength (+2).
   rC:        It makes you vulnerable to cold.
   +Inv:      It lets you turn invisible.
   Stlth:     It makes you more stealthy.
 x - a +1 scale mail of cold resistance
 y - a +3 chain mail of fire resistance (worn)
 A - a +1 cloak of willpower (worn)
 H - a +0 tower shield
 K - a +2 helmet (worn)
 N - +0 steam dragon scales
Jewellery
 a - an amulet of reflection (around neck)
 r - a ring of magical power (left claw)
 s - a ring of fire (right claw)
 G - an amulet of the acrobat
Wands
 i - a wand of flame (67)
 k - a wand of acid (8)
 l - a wand of charming (13)
 o - a wand of paralysis (22)
 F - a wand of mindburst (12)
 J - a wand of iceblast (32)
 O - a wand of digging (4)
Scrolls
 d - 4 scrolls of teleportation
 g - a scroll of fog
 h - 2 scrolls of torment
 j - 4 scrolls of immolation
 m - a scroll of fear
 p - 2 scrolls of summoning
 q - 6 scrolls of enchant weapon
 E - 5 scrolls of magic mapping
 L - a scroll of acquirement {unknown}
Potions
 b - 3 potions of might
 c - a potion of resistance
 e - 4 potions of curing
 v - 2 potions of flight
 z - 2 potions of brilliance
 C - a potion of heal wounds
 I - 3 potions of magic
 M - a potion of haste


   Skills:
 + Level 7.2 Fighting
 + Level 10.6 Armour
 + Level 6.4 Dodging
 - Level 2.1 Stealth
 + Level 6.7 Shields
 + Level 18.1 Unarmed Combat
 + Level 12.6 Invocations


You had 14 spell levels left.
You didn't know any spells.
Your spell library contained the following spells:

 Spells                   Type           Power      Damage    Failure   Level
 Animate Skeleton         Necr           0%         N/A       95%         1
 Apportation              Tloc           0%         N/A       95%         1
 Corona                   Hex            0%         N/A       95%         1
 Magic Dart               Conj           0%         1d3       95%         1
 Pain                     Necr           0%         1d4       95%         1
 Summon Small Mammal      Summ           0%         N/A       95%         1
 Ensorcelled Hibernation  Hex/Ice        0%         N/A       99%         2
 Searing Ray              Conj           0%         3d3       99%         2
 Slow                     Hex            0%         N/A       99%         2
 Static Discharge         Conj/Air       0%         N/A       99%         2
 Call Canine Familiar     Summ           0%         N/A       100%        3
 Confusing Touch          Hex            0%         N/A       100%        3
 Gell's Gravitas          Tloc           0%         N/A       100%        3
 Lesser Beckoning         Tloc           0%         N/A       100%        3
 Portal Projectile        Hex/Tloc       0%         N/A       100%        3
 Teleport Other           Tloc           0%         N/A       100%        3
 Tukima's Dance           Hex            0%         N/A       100%        3
 Vampiric Draining        Necr           0%         2d6       100%        3
 Dispel Undead            Necr           0%         3d6       100%        4
 Fulminant Prism          Conj/Hex       0%         3d6       100%        4
 Hailstorm                Conj/Ice       0%         3d3       100%        4
 Leda's Liquefaction      Hex/Erth       0%         N/A       100%        4
 Sticky Flame             Conj/Fire      0%         2d3       100%        4
 Iskenderun's Battlesphe  Conj           0%         2d6       100%        5
 Yara's Violent Unravell  Hex/Tmut       0%         3d3       100%        5
 Dispersal                Tloc           0%         N/A       100%        6
 Iron Shot                Conj/Erth      0%         9d1       100%        6
 Simulacrum               Ice/Necr       0%         N/A       100%        6
 Spellforged Servitor     Conj/Summ      0%         N/A       100%        7
 Ice Form                 Ice/Tmut       Unusable   N/A       N/A         4

Dungeon Overview and Level Annotations

Branches:
Dungeon (13/15)            Temple (1/1) D:7            Lair (5/6) D:10
  Swamp (0/4) Lair:2       Spider (0/4) Lair:4        Slime (0/5) Lair:5
    Orc (2/2) D:10            Elf (1/3) Orc:2        Bailey (visited)
 Vaults: D:13-14

Altars:
Ashenzari
Cheibriados
Dithmenos
Elyvilon
Gozag
Hepliaklqana
Kikubaaqudgha
Makhleb
Nemelex Xobeh
Okawaru
Qazlal
Ru
Sif Muna
Trog
Uskayaw
Vehumet
Wu Jian
Xom
Yredelemnul
Zin
Beogh
Jiyva

Shops:
Orc:2 ((*(


Innate Abilities, Weirdness & Mutations

You thrive by killing the living.
You are immune to poison.
You have sharp fingernails.
Your flesh is cold resistant. (rC+)
You are immune to negative energy. (rN+++)
You do not regenerate when monsters are visible.
You are immune to unholy pain and torment.


Message History

The deep elf archer blinks!
The +0 short sword of holy wrath misses you.
The deep elf archer shoots an arrow.
The arrow hits you!
* * * LOW HITPOINT WARNING * * *
The +0 short sword of holy wrath hits you.
* * * LOW HITPOINT WARNING * * *
You convulse.
* * * LOW HITPOINT WARNING * * *
Items here: $ ))))) [[ ÷.
The deep elf archer gestures at you while chanting.
You resist with almost no effort.
There is an open door here.
The +0 short sword of holy wrath hits you but does no damage.
The deep elf archer shoots an arrow.
The arrow hits you!
* * * LOW HITPOINT WARNING * * *
Items here: )) [ ÷.
A deep elf pyromancer comes into view. It is wielding a +0 long sword.
Your surroundings seem slightly different.
The +0 short sword of holy wrath hits you but does no damage.
The deep elf pyromancer moves out of view.
There are monsters nearby!
As you read the scroll of fog, it crumbles to dust.
The scroll dissolves into smoke.
The +0 short sword of holy wrath hits you but does no damage.
You block the +0 short sword of holy wrath's attack.
There are monsters nearby!
You scratch the +0 short sword of holy wrath.
The +0 short sword of holy wrath is lightly damaged.
The +0 short sword of holy wrath hits you but does no damage.
Your chain mail prevents you from hitting the +0 short sword of holy wrath.
You block the +0 short sword of holy wrath's attack.
You miss the +0 short sword of holy wrath.
The +0 short sword of holy wrath hits you but does no damage.
You barely miss the +0 short sword of holy wrath.
The +0 short sword of holy wrath hits you but does no damage. x2
You closely miss the +0 short sword of holy wrath.
The +0 short sword of holy wrath hits you.
* * * LOW HITPOINT WARNING * * *
You convulse.
You die...

#.# #..⌠..# #.# #.....# #.#
##.....##
#######.########)###########
.'...........#.....#........
.######..^...#.....#..e...#
#..§§§e§)..<.[..⌠...#
#..§§§(#)....#......#
#..§§@§#.)...#......#
##########'##########
##.....## #(....# #..⌠..#
#.....# ... .


You could see a deep elf archer (repels missiles) and a +0 short sword of holy
wrath.

Vanquished Creatures
  An orc warlord (Orc:1)
  2 ettins
  Harold (D:9)
  Erica (Lair:2)
  6 hydras
  3 two-headed ogres
  6 death yaks
  3 dancing weapons
  3 orc high priests
  6 deep elf knights
  2 deep elf archers
  7 deep elf zephyrmancers
  11 deep elf pyromancers
  An oklob plant (Lair:3)
  5 orc knights
  An ugly thing (D:11)
  5 orc sorcerers
  5 cyclopes
  3 elephants (Lair:3)
  5 black mambas
  4 cane toads
  A kobold demonologist (D:7)
  4 komodo dragons
  An unseen horror (D:12)
  A rime drake (Lair:3)
  5 trolls
  2 polar bears
  The ghost of Ozzieoiler the Chiller, a novice VSIE (D:5)
  A hornet (D:9)
  Prince Ribbit (D:6)
  6 dream sheep (Lair:4)
  A vampire (D:12)
  An air elemental (Orc:2)
  4 wyverns
  2 wraiths
  37 yaks
  2 shadows
  2 fire elementals (Orc:2)
  Grum (D:9)
  3 basilisks
  13 vampire mosquitoes
  3 steam dragons
  An acid dragon (D:6)
  2 wargs
  16 water moccasins
  2 sky beasts
  A swamp drake (Lair:2)
  26 orc warriors
  2 ice beasts (D:4)
  6 black bears
  2 necrophages
  7 ogres
  16 wolves
  8 centaurs
  6 kobold brigands
  10 bullfrogs
  A gnoll sergeant (D:11)
  2 scorpions
  A hornet simulacrum (D:5)
  A wyvern skeleton (D:7)
  6 killer bees (D:9)
  4 wights (D:7)
  4 howler monkeys
  2 centaur zombies (D:7)
  16 orc priests
  A hound (D:5)
  A bullfrog skeleton (D:6)
  4 iguanas
  27 orc wizards
  A killer bee zombie (D:8)
  A hound skeleton (D:4)
  2 scorpion simulacra (D:5)
  A howler monkey skeleton (D:7)
  A howler monkey zombie (D:9)
  13 gnolls
  2 gnoll zombies (D:8)
  7 adders
  A hound simulacrum (D:5)
  A white imp (D:5)
  An ufetubus (D:5)
  2 worms
  6 dart slugs
  An adder simulacrum (D:5)
  61 orcs
  9 ball pythons
  10 endoplasms
  6 giant cockroaches
  10 goblins
  10 hobgoblins
  6 jackals
  5 quokkas
  A bat (D:2)
  4 frilled lizards
  49 kobolds
  5 rats
564 creatures vanquished.

Vanquished Creatures (others)
  A kobold (Bailey)
  A bush (D:10)
  20 fungi
  41 plants
63 creatures vanquished.

Grand Total: 627 creatures vanquished

Notes
Turn   | Place    | Note
-------+----------+-------------------------------------------
     0 | D:1      | Gwimweeper the Ghoul Monk began the quest for the Orb.
     0 | D:1      | Reached XP level 1. HP: 19/19 MP: 0/0
   325 | D:1      | Reached XP level 2. HP: 26/26 MP: 1/1
   759 | D:1      | Reached XP level 3. HP: 26/31 MP: 2/2
  1198 | D:2      | Reached skill level 4 in Unarmed Combat
  1854 | D:2      | Reached XP level 4. HP: 40/40 MP: 3/3
  2822 | D:3      | Reached skill level 1 in Armour
  3068 | D:4      | Reached skill level 5 in Unarmed Combat
  3068 | D:4      | Reached XP level 5. HP: 46/46 MP: 4/4
  3393 | D:4      | Noticed an ogre
  3399 | D:4      | Killed an ogre
  3400 | D:4      | Reached XP level 6. HP: 33/52 MP: 5/5
  3848 | D:4      | Reached skill level 6 in Unarmed Combat
  3898 | D:5      | Entered Level 5 of the Dungeon
  3931 | D:5      | Noticed an ice beast
  3932 | D:5      | Noticed an ice beast
  3932 | D:5      | Noticed Ozzieoiler's ghost (novice VSIE)
  3932 | D:5      | Noticed a necrophage
  3947 | D:5      | Killed a necrophage
  4091 | D:5      | Found a runed translucent gate.
  4091 | D:5      | Found a runed translucent gate.
  4091 | D:5      | Found a runed translucent gate.
  4213 | D:5      | Noticed a sky beast
  4230 | D:5      | Killed a sky beast
  4231 | D:5      | Reached XP level 7. HP: 50/59 MP: 6/6
  4618 | D:5      | Found a sacrificial altar of Ru.
  4650 | D:5      | Reached skill level 7 in Unarmed Combat
  5169 | D:5      | Killed Ozzieoiler's ghost
  5170 | D:5      | Reached skill level 8 in Unarmed Combat
  5170 | D:5      | Reached XP level 8. HP: 24/67 MP: 7/7
  5652 | D:6      | Noticed Prince Ribbit
  5667 | D:6      | Killed Prince Ribbit
  5668 | D:6      | Reached skill level 9 in Unarmed Combat
  5832 | D:6      | Reached skill level 5 in Armour
  5832 | D:6      | Reached XP level 9. HP: 72/72 MP: 8/8
  6329 | D:5      | Reached skill level 10 in Unarmed Combat
  7072 | D:6      | Identified the +3 leather armour "Ongamouse" {Will+}
  7148 | D:7      | Identified the +1 pair of boots of the Trout {+Inv rC-
                  | Str+2 Stlth+}
  7301 | D:7      | Found a flagged portal.
  7317 | Bailey   | Entered a bailey
  7622 | Bailey   | Reached skill level 11 in Unarmed Combat
  7639 | Bailey   | Reached skill level 5 in Fighting
  7655 | Bailey   | Reached skill level 1 in Shields
  8253 | D:7      | Noticed a six-headed hydra
  8370 | D:7      | Reached XP level 10. HP: 81/81 MP: 9/9
  8635 | D:7      | Found a staircase to the Ecumenical Temple.
  8644 | Temple   | Entered the Ecumenical Temple
  8783 | Temple   | Became a worshipper of Makhleb the Destroyer
  8783 | Temple   | Reached * piety under Makhleb
  8783 | Temple   | Reached ** piety under Makhleb
  9138 | D:8      | Noticed a kobold demonologist
  9181 | D:7      | Killed a kobold demonologist
  9182 | D:7      | Reached skill level 12 in Unarmed Combat
  9497 | D:8      | Found a transporter.
  9525 | D:8      | Found a transporter.
  9977 | D:8      | Reached skill level 1 in Invocations
 10454 | D:9      | Noticed Grum
 10475 | D:9      | Killed Grum
 10476 | D:9      | Reached skill level 5 in Dodging
 11501 | D:9      | Noticed Harold
 11534 | D:9      | Killed Harold
 11763 | D:9      | Reached XP level 11. HP: 88/88 MP: 12/12
 11822 | D:8      | Reached *** piety under Makhleb
 12437 | D:7      | Killed a six-headed hydra
 12438 | D:7      | Reached skill level 13 in Unarmed Combat
 12747 | D:10     | Entered Level 10 of the Dungeon
 12748 | D:10     | Found a staircase to the Orcish Mines.
 13370 | D:10     | Found a staircase to the Lair.
 13816 | D:11     | Noticed a cyclops
 13930 | D:11     | Killed a cyclops
 13931 | D:11     | Reached skill level 14 in Unarmed Combat
 14277 | D:11     | Reached **** piety under Makhleb
 14292 | D:11     | Noticed a two-headed ogre
 14390 | D:11     | Noticed a red ugly thing
 14396 | D:11     | Killed a red ugly thing
 14397 | D:11     | Reached skill level 5 in Invocations
 14601 | D:10     | Killed a two-headed ogre
 14602 | D:10     | Reached XP level 12. HP: 87/95 MP: 14/14
 15919 | D:13     | Noticed a catoblepas
 15966 | D:13     | Noticed a death knight
 16056 | D:12     | Noticed an eight-headed hydra
 16063 | D:12     | Killed an eight-headed hydra
 16287 | Lair:1   | Entered Level 1 of the Lair of Beasts
 16353 | Lair:1   | Noticed an eight-headed hydra
 16362 | Lair:1   | Killed an eight-headed hydra
 16363 | Lair:1   | Reached skill level 15 in Unarmed Combat
 17026 | Lair:1   | Identified the +5 flail of Blood-Lust {vorpal, +Rage}
 17357 | Lair:2   | Found a staircase to the Swamp.
 17816 | Lair:2   | Reached XP level 13. HP: 100/103 MP: 17/17
 18046 | Lair:2   | Reached ***** piety under Makhleb
 18094 | Lair:2   | Reached skill level 16 in Unarmed Combat
 18168 | Lair:2   | Noticed Erica
 18181 | Lair:2   | Killed Erica
 18664 | Lair:3   | Reached skill level 5 in Shields
 19117 | Lair:3   | Found the +2 robe of Vines {NoPotionHeal Regen+++}
 20085 | Lair:3   | Reached skill level 17 in Unarmed Combat
 20352 | Lair:4   | Found a hole to the Spider Nest.
 21239 | Lair:5   | Reached XP level 14. HP: 109/111 MP: 19/19
 21578 | Orc:1    | Entered Level 1 of the Orcish Mines
 21792 | Orc:1    | Noticed an orc warlord
 22226 | Orc:1    | Killed an orc warlord
 23259 | D:10     | Reached skill level 10 in Invocations
 23668 | D:10     | Reached skill level 10 in Armour
 24190 | Lair:5   | Identified the +1 robe "Cifobban" {Str+4 Dex+2}
 24218 | Lair:5   | Found a staircase to the Slime Pits.
 24218 | Lair:5   | Found a viscous altar of Jiyva.
 24575 | Orc:2    | Entered Level 2 of the Orcish Mines
 25008 | Orc:2    | Found a staircase to the Elven Halls.
 25076 | Orc:2    | Found Powih's Antique Weapon Boutique.
 25079 | Orc:2    | Found Cocauh's Antique Weapon Shoppe.
 25316 | Orc:2    | Paralysed by an orc sorcerer for 7 turns
 25472 | Orc:2    | Reached ****** piety under Makhleb
 26078 | Orc:2    | Found Vofodwy's Weapon Boutique.
 26165 | Orc:2    | Found Doifayrr's General Store.
 26170 | Orc:2    | Bought a scroll of identify for 24 gold pieces
 26218 | Elf:1    | Entered Level 1 of the Elven Halls
 27502 | Elf:1    | Paralysed by an air elemental for 1 turns
 27512 | Elf:1    | Paralysed by an air elemental for 1 turns
 27515 | Orc:2    | Paralysed by an air elemental for 1 turns
 27610 | Elf:1    | Reached skill level 18 in Unarmed Combat
 27843 | Orc:2    | Reached XP level 15. HP: 118/118 MP: 23/23
 28208 | Elf:1    | HP: 5/118 [deep elf archer/arrow (14)]
 28215 | Elf:1    | HP: 1/118 [+0 short sword of holy wrath (4)]
 28215 | Elf:1    | Slain by a +0 short sword of holy wrath

Illustrated notes

Levels and vault maps discovered:
D:1:      lemuel_arrival_rhombus, layout_loops_cross, minmay_pentomino_r2
D:2:      minmay_chambers_of_ones, layout_basic, nrook_mini_vaults
D:3:      layout_basic, minmay_misc_feat_hallway, eino_tiny_chamber
D:4:      layout_loops_ring, hangedman_decor_slide_cut
D:5:      layout_loops_ring, nicolae_ru_great_annihilating_truth,
          gammafunk_ghost_icy
D:6:      layout_basic, uniq_prince_ribbit1
D:7:      layout_basic, minmay_temple_entry_mist, lightli_bailey_entry_fortress
D:8:      gammafunk_cloud_chamber, layout_cave_pools, nrook_campfire,
          kennysheep_generic_room_14
D:9:      minmay_clustersquares, layout_layer_cave, uniq_grum, uniq_harold
D:10:     layout_loops_ring, minmay_lair_entry_grove, david_orc_3,
          minmay_misc_feat_tiny
D:11:     layout_irregular_city, lemuel_nasty_fountain
D:12:     layout_roguey
D:13:     layout_rooms
Temple:   minmay_crystal_snake_temple
Lair:1:   layout_cave_pods
Lair:2:   layout_regular_city, minmay_swamp_entry_swarm, pond, uniq_erica
Lair:3:   layout_chaotic_city, hellmonk_guarded_unrand_vines
Lair:4:   layout_cave_pods, spider_nest_entry_webs, lemuel_fruit_tree,
          grunt_megastairs_4
Lair:5:   dragon1_lemuel, layout_cave_pods, slime_altar_1, beast_lair_carwin_9,
          serial_bayou_shore_b
Orc:1:    layout_caves
Orc:2:    st_orc_elflike, layout_diamond_mine, basic_altar
Elf:1:    minmay_elf_arrival_plus, layout_gridlike, minmay_elf_demonology

Skill      XL: |  1  2  3  4  5  6  7  8  9 10 11 12 13 14 |
---------------+-------------------------------------------+-----
Dodging        | 3 4 5 6 |  6.4
Unarmed Combat | 4 5 6 8 9 11 12 14 15 17 18 | 18.1
Armour         | 1 2 3 5 6 7 8 9 10 | 10.6
Fighting       | 4 5 6 7 |  7.2
Shields        | 1 2 3 4 5 6 |  6.7
Invocations    | 3 5 7 9 12 | 12.6
Stealth        | |  2.1

Action                   |  1- 3 |  4- 6 |  7- 9 | 10-12 | 13-15 || total
-------------------------+-------+-------+-------+-------+-------++-------
Melee: Unarmed           |   119 |   166 |   365 |   716 |   718 ||  2084
       Punch             |     3 |     2 |    14 |    17 |       ||    36
Invok: Minor Destruction |       |       |       |   114 |    89 ||   203
       Major Destruction |       |       |       |       |    80 ||    80
Evoke: Wand              |       |       |       |     4 |       ||     4
  Use: Scroll            |     1 |     4 |     2 |    11 |    11 ||    29
       Potion            |       |       |     1 |       |     6 ||     7
 Stab: Sleeping          |     3 |     1 |       |     1 |       ||     5
       Paralysed         |       |       |     2 |       |       ||     2
Armor: Robe              |    15 |       |       |       |       ||    15
       Ring mail         |    18 |    37 |       |       |       ||    55
       Scale mail        |       |     7 |   173 |   138 |       ||   318
       Chain mail        |       |       |       |   259 |   259 ||   518
Dodge: Dodged            |    57 |    59 |   145 |   314 |   195 ||   770
Block: Other             |       |       |    36 |   143 |       ||   179
       Reflection        |       |       |    13 |    17 |     8 ||    38
       Buckler           |       |       |       |    35 |   302 ||   337
